[ AOE2 MATCH · #480148965 ]
UnrankedHuns vs Mongols
[ REPLAY ANALYSIS · EXTRACTED FROM THE RECORDED GAME ]
Feudal
14:44
Castle
19:54
Imperial
37:45
| APM avg | 25.0 |
| APM peak | 47 |
| eAPM avg | 14.4 |
| Villagers / military | 211 / 866 |
Focus
⚔️ 36.5% · 🌾 63.5%
Knight ×367 · Spearman ×203 · Scout Cavalry ×133 · Cavalry Archer ×89 · Skirmisher ×42 · Battering Ram ×18
Feudal
15:47
Castle
20:01
Imperial
40:53
| APM avg | 23.7 |
| APM peak | 56 |
| eAPM avg | 11.9 |
| Villagers / military | 192 / 1109 |
Focus
⚔️ 46.0% · 🌾 54.0%
Kipchak ×621 · Scout Cavalry ×448 · Battering Ram ×39 · Trade Cart ×26 · Monk ×1
Feudal
15:21
Castle
19:41
Imperial
40:24
| APM avg | 17.2 |
| APM peak | 76 |
| eAPM avg | 8.8 |
| Villagers / military | 207 / 127 |
Focus
⚔️ 23.0% · 🌾 77.0%
Camel Scout ×85 · Mangudai ×37 · Trebuchet (Packed) ×3 · Monk ×2
Feudal
14:41
Castle
21:51
Imperial
—
| APM avg | 9.3 |
| APM peak | 62 |
| eAPM avg | 5.1 |
| Villagers / military | 77 / 2 |
Focus
⚔️ 11.7% · 🌾 88.3%
Knight ×2
Feudal
14:09
Castle
24:40
Imperial
52:10
| APM avg | 9.8 |
| APM peak | 50 |
| eAPM avg | 6.1 |
| Villagers / military | 54 / 165 |
Focus
⚔️ 43.0% · 🌾 57.0%
Teutonic Knight ×55 · Archer ×38 · Skirmisher ×27 · Knight ×22 · Hand Cannoneer ×11 · Militia ×5
Feudal
18:47
Castle
26:54
Imperial
41:35
| APM avg | 12.5 |
| APM peak | 34 |
| eAPM avg | 10.0 |
| Villagers / military | 115 / 922 |
Focus
⚔️ 58.3% · 🌾 41.7%
Scout Cavalry ×180 · Archer ×178 · Spearman ×156 · Militia ×142 · Skirmisher ×127 · Knight ×66
Feudal
16:15
Castle
20:35
Imperial
40:37
| APM avg | 17.6 |
| APM peak | 39 |
| eAPM avg | 13.3 |
| Villagers / military | 215 / 1238 |
Focus
⚔️ 48.2% · 🌾 51.8%
Fire Lancer ×917 · Iron Pagoda ×310 · Unknown (1908) ×23 · Scorpion ×5 · Trebuchet (Packed) ×5 · Scout Cavalry ×1
Feudal
—
Castle
—
Imperial
—
| APM avg | 1.4 |
| APM peak | 24 |
| eAPM avg | 1.2 |
| Villagers / military | 46 / 0 |
Focus
⚔️ 2.8% · 🌾 97.2%
Match map
Initial resources + every placement click. Lines = walls · curves = elevation contours. ◆ gold · ⬟ stone · ● berries · ✦ relic · ◌ wall gap
Your base· Open — 7t gap
Rem_sjik's base· Open — unwalled flank
Petr_CZツ's base· Open — unwalled flank
Lindelot's base· Open — 5t gap
luchador_max's base· Open — unwalled flank
victordelarosac's base· Open — unwalled flank
肥豬肉's base· Open — 10t gap
Riesamo223's base· Open — unwalled flank
Smoothed initial terrain · ◌ = detected wall gap · hover for details
Inputs per minute
— PreensBertus - - Rem_sjik
Build order — PreensBertus
First 150 of 686 actions detected
| 0:26 | Build | Town Center |
| 2:36 | Research | Loom |
| 2:36 | Create | Villager (Male) |
| 2:36 | Create | Villager (Male) |
| 2:36 | Create | Villager (Male) |
| 2:37 | Create | Villager (Male) |
| 2:52 | Research | Loom |
| 3:57 | Create | Villager (Male) |
| 4:37 | Research | Loom |
| 4:38 | Create | Villager (Male) |
| 4:38 | Create | Villager (Male) |
| 4:54 | Research | Loom |
| 5:04 | Create | Villager (Male) |
| 5:07 | Research | Loom |
| 5:19 | Create | Villager (Male) |
| 5:31 | Research | Loom |
| 6:23 | Create | Villager (Male) |
| 6:23 | Create | Villager (Male) |
| 6:29 | Create | Villager (Male) |
| 6:52 | Create | Villager (Male) |
| 7:04 | Create | Villager (Male) |
| 7:17 | Build | Mill |
| 7:24 | Create | Villager (Male) |
| 7:41 | Create | Villager (Male) |
| 8:11 | Create | Villager (Male) |
| 8:11 | Create | Villager (Male) |
| 8:26 | Create | Villager (Male) |
| 9:22 | Create | Villager (Male) |
| 9:29 | Build | Mill |
| 10:54 | Build | Mill |
| 10:59 | Create | Villager (Male) |
| 11:25 | Build | Mining Camp |
| 11:48 | Create | Villager (Male) |
| 12:29 | Create | Villager (Male) |
| 12:29 | Create | Villager (Male) |
| 12:34 | Research | Feudal Age |
| 13:05 | Build | Lumber Camp |
| 13:29 | Create | Villager (Male) |
| 14:31 | Build | Farm |
| 14:31 | Build | Farm |
| 14:31 | Build | Farm |
| 14:32 | Build | Farm |
| 14:33 | Build | Farm |
| 14:34 | Build | Farm |
| 14:44 | Age | Feudal Age |
| 14:44 | Build | Barracks |
| 14:46 | Create | Villager (Male) |
| 15:23 | Build | Blacksmith |
| 15:32 | Create | Villager (Male) |
| 15:46 | Create | Villager (Male) |
| 16:12 | Build | Market |
| 16:24 | Create | Villager (Male) |
| 16:35 | Build | Mining Camp |
| 16:48 | Create | Villager (Male) |
| 17:09 | Research | Castle Age |
| 17:54 | Research | Double-Bit Axe |
| 17:59 | Research | Scale Barding Armor |
| 18:09 | Create | Villager (Male) |
| 18:24 | Create | Villager (Male) |
| 19:03 | Research | Stone Mining |
| 19:09 | Build | Farm |
| 19:34 | Build | Stable |
| 19:54 | Age | Castle Age |
| 20:00 | Build | Outpost |
| 20:07 | Build | Town Center |
| 20:16 | Build | Stable |
| 20:21 | Research | Bloodlines |
| 20:28 | Create | Villager (Male) |
| 20:52 | Create | Knight |
| 20:54 | Create | Knight |
| 20:55 | Create | Knight |
| 21:00 | Research | Forging |
| 21:15 | Create | Villager (Male) |
| 21:15 | Create | Villager (Male) |
| 21:29 | Build | Monastery |
| 21:34 | Create | Villager (Male) |
| 21:49 | Build | Lumber Camp |
| 21:57 | Build | Farm |
| 22:03 | Create | Knight |
| 22:07 | Build | Farm |
| 22:10 | Build | Farm |
| 22:20 | Create | Monk |
| 22:31 | Create | Villager (Male) |
| 22:36 | Build | Farm |
| 22:37 | Build | Farm |
| 22:44 | Build | Farm |
| 22:47 | Create | Villager (Male) |
| 22:51 | Create | Villager (Male) |
| 23:30 | Build | Farm |
| 23:35 | Build | Mill |
| 23:37 | Create | Villager (Male) |
| 23:37 | Create | Villager (Male) |
| 23:40 | Create | Villager (Male) |
| 23:43 | Create | Knight |
| 24:00 | Create | Villager (Male) |
| 24:07 | Build | Farm |
| 24:15 | Create | Villager (Male) |
| 24:18 | Create | Villager (Male) |
| 25:15 | Build | Town Center |
| 25:27 | Build | Outpost |
| 25:36 | Create | Villager (Male) |
| 25:37 | Create | Villager (Male) |
| 25:37 | Create | Villager (Male) |
| 25:38 | Create | Villager (Male) |
| 25:41 | Build | Farm |
| 25:41 | Build | Farm |
| 25:45 | Research | Iron Casting |
| 25:58 | Create | Knight |
| 26:18 | Build | Castle |
| 26:35 | Build | Stone Wall |
| 26:42 | Create | Villager (Male) |
| 26:42 | Create | Villager (Male) |
| 26:43 | Create | Villager (Male) |
| 26:43 | Create | Villager (Male) |
| 27:10 | Create | Villager (Male) |
| 27:13 | Build | Farm |
| 27:14 | Build | Farm |
| 27:15 | Build | Farm |
| 28:07 | Build | Mining Camp |
| 28:12 | Create | Villager (Male) |
| 28:13 | Create | Villager (Male) |
| 28:26 | Create | Monk |
| 28:27 | Create | Monk |
| 28:32 | Research | Chain Barding Armor |
| 28:43 | Build | Siege Workshop |
| 28:46 | Create | Villager (Male) |
| 28:46 | Create | Villager (Male) |
| 28:47 | Create | Villager (Male) |
| 28:47 | Create | Villager (Male) |
| 28:48 | Create | Villager (Male) |
| 28:48 | Create | Villager (Male) |
| 28:54 | Build | Farm |
| 28:55 | Build | Farm |
| 29:01 | Create | Villager (Male) |
| 29:12 | Create | Battering Ram |
| 29:21 | Create | Villager (Male) |
| 29:22 | Create | Villager (Male) |
| 29:22 | Create | Villager (Male) |
| 29:23 | Create | Villager (Male) |
| 29:33 | Build | Lumber Camp |
| 29:49 | Build | Farm |
| 30:02 | Build | Barracks |
| 30:39 | Create | Knight ×5 |
| 31:02 | Create | Villager (Male) |
| 31:02 | Create | Villager (Male) |
| 31:03 | Create | Villager (Male) |
| 31:03 | Create | Villager (Male) |
| 31:09 | Build | Archery Range |
| 31:10 | Build | Archery Range |
| 31:12 | Create | Villager (Male) |
Build order — Rem_sjik
First 150 of 723 actions detected
| 0:17 | Build | House |
| 1:14 | Build | Town Center |
| 3:29 | Create | Villager (Male) |
| 3:29 | Create | Villager (Male) |
| 3:30 | Create | Villager (Male) |
| 3:30 | Create | Villager (Male) |
| 4:33 | Research | Loom |
| 5:24 | Create | Villager (Male) |
| 5:50 | Create | Villager (Male) |
| 5:51 | Create | Villager (Male) |
| 6:58 | Create | Villager (Male) |
| 6:58 | Create | Villager (Male) |
| 7:05 | Build | House |
| 7:33 | Build | House |
| 7:36 | Build | House |
| 8:26 | Create | Villager (Male) |
| 8:26 | Create | Villager (Male) |
| 8:26 | Create | Villager (Male) |
| 8:27 | Create | Villager (Male) |
| 8:50 | Build | Mill |
| 9:14 | Create | Villager (Male) |
| 10:29 | Create | Villager (Male) |
| 10:29 | Create | Villager (Male) |
| 10:34 | Build | Farm |
| 10:59 | Build | Farm |
| 11:02 | Create | Villager (Male) |
| 11:45 | Create | Villager (Male) |
| 11:45 | Create | Villager (Male) |
| 12:20 | Create | Villager (Male) |
| 12:53 | Build | Lumber Camp |
| 13:02 | Create | Villager (Male) |
| 13:25 | Build | Farm |
| 13:34 | Build | Farm |
| 13:37 | Research | Feudal Age |
| 14:31 | Build | House |
| 14:42 | Build | House |
| 15:47 | Age | Feudal Age |
| 15:48 | Build | Market |
| 15:52 | Build | Blacksmith |
| 15:58 | Create | Villager (Male) |
| 15:58 | Create | Villager (Male) |
| 16:04 | Build | Town Center |
| 16:18 | Build | Town Center |
| 16:28 | Create | Villager (Male) |
| 16:47 | Build | Palisade Gate |
| 17:21 | Research | Castle Age |
| 17:49 | Build | Farm |
| 17:55 | Build | Farm |
| 17:58 | Build | Farm |
| 17:59 | Create | Villager (Male) |
| 18:00 | Create | Villager (Male) |
| 18:06 | Build | Farm |
| 18:10 | Build | Farm |
| 18:13 | Build | Farm |
| 18:31 | Create | Villager (Male) |
| 18:43 | Build | Farm |
| 18:50 | Create | Villager (Male) |
| 18:51 | Create | Villager (Male) |
| 18:51 | Create | Villager (Male) |
| 19:00 | Build | Farm |
| 19:14 | Research | Double-Bit Axe |
| 19:32 | Create | Villager (Male) |
| 19:36 | Build | Farm |
| 20:01 | Age | Castle Age |
| 20:10 | Create | Villager (Male) |
| 20:12 | Create | Villager (Male) |
| 20:18 | Build | Farm |
| 20:24 | Build | Farm |
| 20:27 | Create | Villager (Male) |
| 20:29 | Create | Villager (Male) |
| 20:31 | Create | Villager (Male) |
| 20:52 | Create | Villager (Male) |
| 20:53 | Create | Villager (Male) |
| 20:53 | Create | Villager (Male) |
| 21:07 | Build | House |
| 21:08 | Build | House |
| 21:09 | Build | House |
| 21:10 | Build | House |
| 21:21 | Create | Villager (Male) |
| 21:21 | Create | Villager (Male) |
| 21:47 | Create | Villager (Male) |
| 21:47 | Create | Villager (Male) |
| 22:11 | Build | Palisade Gate |
| 22:15 | Build | Palisade Wall |
| 22:19 | Create | Villager (Male) |
| 22:26 | Build | Monastery |
| 22:36 | Build | House |
| 22:37 | Build | House |
| 22:38 | Build | House |
| 22:39 | Build | House |
| 22:41 | Build | House |
| 22:42 | Build | House |
| 22:43 | Build | House |
| 22:44 | Build | House |
| 22:47 | Build | House |
| 22:48 | Build | House |
| 22:49 | Create | Villager (Male) |
| 22:50 | Create | Villager (Male) |
| 22:51 | Create | Villager (Male) |
| 23:39 | Build | Town Center |
| 23:48 | Create | Villager (Male) |
| 23:48 | Create | Villager (Male) |
| 23:49 | Create | Villager (Male) |
| 23:49 | Create | Villager (Male) |
| 23:50 | Create | Villager (Male) |
| 23:50 | Create | Villager (Male) |
| 23:59 | Build | House |
| 24:01 | Build | Palisade Wall |
| 24:03 | Build | House |
| 24:04 | Build | House |
| 24:13 | Create | Monk |
| 24:19 | Create | Villager (Male) |
| 24:19 | Create | Villager (Male) |
| 24:19 | Create | Villager (Male) |
| 24:20 | Create | Villager (Male) |
| 24:36 | Research | Bow Saw |
| 24:36 | Research | Horse Collar |
| 25:05 | Build | Mining Camp |
| 25:28 | Create | Villager (Male) |
| 25:28 | Create | Villager (Male) |
| 25:42 | Research | Wheelbarrow |
| 26:05 | Create | Villager (Male) |
| 26:06 | Create | Villager (Male) |
| 26:06 | Create | Villager (Male) |
| 26:06 | Create | Villager (Male) |
| 26:07 | Create | Villager (Male) |
| 26:18 | Build | Barracks |
| 26:24 | Create | Villager (Male) |
| 26:26 | Create | Villager (Male) |
| 26:31 | Research | Gold Mining |
| 26:31 | Research | Heavy Plow |
| 26:33 | Research | Stone Mining |
| 26:43 | Build | Farm |
| 26:46 | Build | Farm |
| 26:49 | Build | House |
| 26:51 | Build | House |
| 26:53 | Build | House |
| 26:54 | Build | House |
| 26:55 | Build | House |
| 27:01 | Create | Villager (Male) |
| 27:01 | Create | Villager (Male) |
| 27:25 | Create | Villager (Male) |
| 27:25 | Create | Villager (Male) |
| 27:26 | Create | Villager (Male) |
| 27:26 | Create | Villager (Male) |
| 27:26 | Create | Villager (Male) |
| 27:48 | Build | Archery Range |
| 27:51 | Build | Stable |
| 27:53 | Build | Stable |
| 27:54 | Build | Stable |
Build order — Petr_CZツ
First 150 of 482 actions detected
| 0:45 | Build | Town Center |
| 1:25 | Build | Town Center |
| 3:43 | Build | House |
| 3:48 | Build | House |
| 3:57 | Create | Villager (Male) |
| 3:58 | Create | Villager (Male) |
| 3:58 | Create | Villager (Male) |
| 3:59 | Research | Loom |
| 3:59 | Create | Villager (Male) |
| 3:59 | Create | Villager (Male) |
| 3:59 | Create | Villager (Male) |
| 3:59 | Create | Villager (Male) |
| 3:59 | Create | Villager (Male) |
| 4:24 | Create | Villager (Male) |
| 5:11 | Create | Villager (Male) |
| 5:11 | Create | Villager (Male) |
| 5:59 | Create | Villager (Male) |
| 5:59 | Create | Villager (Male) |
| 6:56 | Create | Villager (Male) |
| 6:56 | Create | Villager (Male) |
| 6:56 | Create | Villager (Male) |
| 6:56 | Create | Villager (Male) |
| 7:20 | Create | Villager (Male) |
| 7:20 | Create | Villager (Male) |
| 7:20 | Create | Villager (Male) |
| 7:50 | Create | Villager (Male) |
| 7:50 | Create | Villager (Male) |
| 7:50 | Create | Villager (Male) |
| 7:57 | Create | Villager (Male) |
| 8:02 | Build | House |
| 8:21 | Create | Villager (Male) |
| 8:21 | Create | Villager (Male) |
| 8:36 | Create | Villager (Male) |
| 8:36 | Create | Villager (Male) |
| 8:57 | Create | Villager (Male) |
| 9:08 | Create | Villager (Male) |
| 9:23 | Create | Villager (Male) |
| 9:27 | Build | House |
| 9:45 | Create | Villager (Male) |
| 9:53 | Build | House |
| 10:36 | Create | Villager (Male) |
| 11:06 | Build | Mill |
| 11:24 | Create | Villager (Male) |
| 11:42 | Create | Villager (Male) |
| 12:02 | Build | Mining Camp |
| 12:48 | Research | Feudal Age |
| 13:45 | Create | Villager (Male) |
| 13:52 | Create | Villager (Male) |
| 14:21 | Build | Mill |
| 15:21 | Age | Feudal Age |
| 15:27 | Build | Market |
| 15:29 | Build | Blacksmith |
| 15:53 | Build | Mining Camp |
| 15:55 | Create | Villager (Male) |
| 16:26 | Create | Villager (Male) |
| 16:42 | Build | House |
| 16:49 | Create | Villager (Male) |
| 16:53 | Research | Castle Age |
| 19:15 | Research | Horse Collar |
| 19:41 | Age | Castle Age |
| 19:49 | Build | Town Center |
| 19:58 | Build | Town Center |
| 20:05 | Create | Villager (Male) |
| 20:07 | Research | Heavy Plow |
| 20:14 | Research | Town Watch |
| 20:14 | Research | Wheelbarrow |
| 20:17 | Create | Villager (Male) |
| 20:17 | Create | Villager (Male) |
| 20:33 | Build | Farm |
| 20:35 | Build | Farm |
| 20:37 | Build | Farm |
| 20:38 | Build | Farm |
| 20:40 | Build | Farm |
| 20:42 | Build | Farm |
| 20:46 | Build | Farm |
| 21:02 | Build | Farm |
| 21:03 | Create | Villager (Male) |
| 21:15 | Create | Villager (Male) |
| 21:19 | Create | Villager (Male) |
| 21:24 | Build | Farm |
| 21:28 | Build | Farm |
| 21:32 | Build | Farm |
| 21:38 | Build | Farm |
| 21:39 | Create | Villager (Male) |
| 22:05 | Create | Villager (Male) |
| 22:12 | Build | Farm |
| 22:16 | Build | Farm |
| 22:25 | Create | Villager (Male) |
| 22:25 | Create | Villager (Male) |
| 22:26 | Create | Villager (Male) |
| 22:32 | Create | Villager (Male) |
| 22:51 | Build | Farm |
| 22:55 | Build | Farm |
| 22:58 | Create | Villager (Male) |
| 22:59 | Create | Villager (Male) |
| 23:10 | Create | Villager (Male) |
| 23:18 | Create | Villager (Male) |
| 23:27 | Build | Farm |
| 23:30 | Create | Villager (Male) |
| 23:42 | Build | Castle |
| 23:49 | Create | Villager (Male) |
| 23:49 | Create | Villager (Male) |
| 24:30 | Research | Hand Cart |
| 24:56 | Create | Villager (Male) |
| 24:58 | Create | Villager (Male) |
| 25:09 | Create | Villager (Male) |
| 25:21 | Build | Castle |
| 25:24 | Create | Villager (Male) |
| 25:26 | Create | Villager (Male) |
| 25:32 | Build | House |
| 25:33 | Build | House |
| 25:34 | Build | House |
| 25:35 | Create | Villager (Male) |
| 25:37 | Create | Villager (Male) |
| 25:41 | Build | Lumber Camp |
| 25:48 | Create | Villager (Male) |
| 25:48 | Create | Villager (Male) |
| 26:03 | Create | Villager (Male) |
| 26:06 | Create | Villager (Male) |
| 26:09 | Create | Villager (Male) |
| 26:18 | Create | Villager (Male) |
| 26:24 | Create | Villager (Male) |
| 26:29 | Build | House |
| 26:42 | Create | Villager (Male) |
| 26:51 | Create | Mangudai |
| 26:51 | Create | Mangudai |
| 26:55 | Research | Fletching |
| 26:57 | Create | Mangudai |
| 27:13 | Create | Villager (Male) |
| 27:13 | Create | Villager (Male) |
| 27:46 | Create | Villager (Male) |
| 27:46 | Create | Villager (Male) |
| 27:52 | Create | Villager (Male) |
| 27:57 | Create | Villager (Male) |
| 28:08 | Build | Farm |
| 28:11 | Create | Villager (Male) |
| 28:18 | Create | Villager (Male) |
| 28:19 | Create | Villager (Male) |
| 28:19 | Create | Villager (Male) |
| 28:26 | Build | Town Center |
| 28:36 | Build | Farm |
| 28:37 | Build | Farm |
| 28:39 | Build | Farm |
| 28:40 | Build | Farm |
| 28:45 | Create | Mangudai |
| 28:46 | Create | Villager (Male) |
| 28:54 | Create | Mangudai |
| 29:01 | Research | Double-Bit Axe |
| 29:11 | Create | Villager (Male) |
| 29:17 | Create | Mangudai |
Build order — Lindelot
First 150 of 177 actions detected
| 0:45 | Build | Town Center |
| 1:08 | Build | House |
| 2:10 | Build | House |
| 2:44 | Build | House |
| 2:56 | Build | Palisade Wall |
| 3:03 | Build | Palisade Wall |
| 3:05 | Build | Palisade Wall |
| 3:06 | Build | Palisade Wall |
| 3:41 | Create | Villager (Male) |
| 3:41 | Create | Villager (Male) |
| 3:42 | Create | Villager (Male) |
| 3:42 | Create | Villager (Male) |
| 3:42 | Create | Villager (Male) |
| 5:16 | Create | Villager (Male) |
| 5:44 | Create | Villager (Male) |
| 6:02 | Create | Villager (Male) |
| 6:31 | Create | Villager (Male) |
| 6:38 | Create | Villager (Male) |
| 7:21 | Build | Mill |
| 7:50 | Create | Villager (Male) |
| 7:56 | Research | Loom |
| 8:08 | Create | Villager (Male) |
| 8:15 | Create | Villager (Male) |
| 8:16 | Create | Villager (Male) |
| 9:29 | Build | House |
| 9:50 | Build | Mill |
| 10:02 | Create | Villager (Male) |
| 10:02 | Create | Villager (Male) |
| 10:11 | Build | Lumber Camp |
| 10:40 | Build | House |
| 10:47 | Create | Villager (Male) |
| 10:56 | Build | House |
| 11:29 | Build | House |
| 11:33 | Create | Villager (Male) |
| 11:59 | Create | Villager (Male) |
| 12:38 | Research | Feudal Age |
| 12:55 | Build | Farm |
| 12:56 | Build | Farm |
| 12:57 | Build | Farm |
| 12:59 | Build | Farm |
| 13:15 | Create | Villager (Male) |
| 13:40 | Build | Mill |
| 14:41 | Age | Feudal Age |
| 14:47 | Create | Villager (Male) |
| 15:05 | Build | Market |
| 15:14 | Build | Blacksmith |
| 15:25 | Create | Villager (Male) |
| 15:49 | Build | Mining Camp |
| 15:52 | Create | Villager (Male) |
| 16:32 | Create | Villager (Male) |
| 16:32 | Create | Villager (Male) |
| 16:46 | Build | Farm |
| 16:46 | Build | Farm |
| 16:47 | Build | Farm |
| 17:16 | Create | Villager (Male) |
| 17:19 | Build | Farm |
| 17:19 | Build | Farm |
| 17:21 | Build | Farm |
| 17:47 | Build | House |
| 17:56 | Create | Villager (Male) |
| 18:22 | Create | Villager (Male) |
| 18:23 | Create | Villager (Male) |
| 18:49 | Create | Villager (Male) |
| 19:26 | Research | Castle Age |
| 19:44 | Research | Double-Bit Axe |
| 20:08 | Build | Outpost |
| 20:17 | Research | Horse Collar |
| 20:38 | Build | House |
| 20:40 | Build | House |
| 20:59 | Create | Villager (Male) |
| 21:00 | Create | Villager (Male) |
| 21:38 | Build | Outpost |
| 21:51 | Age | Castle Age |
| 22:11 | Build | Castle |
| 22:25 | Create | Villager (Male) |
| 22:32 | Build | Town Center |
| 22:49 | Create | Villager (Male) |
| 22:49 | Create | Villager (Male) |
| 23:04 | Build | Barracks |
| 23:07 | Build | House |
| 23:08 | Build | House |
| 23:11 | Create | Villager (Male) |
| 23:21 | Research | Heavy Plow |
| 23:27 | Research | Bow Saw |
| 23:42 | Create | Villager (Male) |
| 24:07 | Create | Villager (Male) |
| 24:08 | Create | Villager (Male) |
| 24:08 | Create | Villager (Male) |
| 24:10 | Create | Villager (Male) |
| 24:15 | Build | Farm |
| 24:16 | Build | Farm |
| 24:19 | Create | Villager (Male) |
| 24:44 | Build | Stone Wall |
| 25:15 | Build | Town Center |
| 25:26 | Create | Villager (Male) |
| 25:26 | Create | Villager (Male) |
| 25:26 | Create | Villager (Male) |
| 25:27 | Create | Villager (Male) |
| 25:27 | Create | Villager (Male) |
| 25:27 | Create | Villager (Male) |
| 25:45 | Research | Wheelbarrow |
| 26:01 | Create | Villager (Male) |
| 26:01 | Create | Villager (Male) |
| 26:02 | Create | Villager (Male) |
| 26:02 | Create | Villager (Male) |
| 26:02 | Create | Villager (Male) |
| 26:28 | Build | Archery Range |
| 26:38 | Build | Stable |
| 26:49 | Create | Villager (Male) |
| 26:50 | Create | Villager (Male) |
| 26:50 | Create | Villager (Male) |
| 26:55 | Build | Farm |
| 26:56 | Build | Farm |
| 27:04 | Research | Heavy Plow |
| 27:14 | Build | Farm |
| 27:14 | Build | Farm |
| 27:14 | Build | Farm |
| 27:15 | Build | Farm |
| 27:22 | Build | House |
| 27:23 | Build | House |
| 27:24 | Build | House |
| 27:34 | Create | Villager (Male) |
| 27:44 | Build | Lumber Camp |
| 27:46 | Create | Villager (Male) |
| 27:51 | Create | Villager (Male) |
| 27:55 | Build | Mining Camp |
| 28:07 | Research | Town Watch |
| 28:12 | Create | Knight |
| 28:40 | Create | Villager (Male) |
| 28:40 | Create | Villager (Male) |
| 28:40 | Create | Villager (Male) |
| 28:41 | Create | Villager (Male) |
| 28:41 | Create | Villager (Male) |
| 29:02 | Create | Villager (Male) |
| 29:07 | Create | Villager (Male) |
| 29:07 | Create | Villager (Male) |
| 29:21 | Build | Stone Wall |
| 29:26 | Build | Stone Wall |
| 29:33 | Create | Villager (Male) |
| 29:34 | Create | Villager (Male) |
| 29:57 | Build | Farm |
| 30:01 | Build | House |
| 30:03 | Build | House |
| 30:04 | Build | House |
| 30:05 | Build | House |
| 30:06 | Build | House |
| 30:08 | Create | Knight |
| 30:13 | Create | Villager (Male) |
| 30:13 | Create | Villager (Male) |
| 30:15 | Build | Farm |
Build order — luchador_max
First 150 of 329 actions detected
| 1:28 | Build | Town Center |
| 2:17 | Build | House |
| 3:41 | Create | Villager (Male) |
| 3:41 | Create | Villager (Male) |
| 3:41 | Create | Villager (Male) |
| 3:42 | Create | Villager (Male) |
| 3:55 | Research | Loom |
| 4:49 | Create | Villager (Male) |
| 5:37 | Create | Villager (Male) |
| 5:46 | Build | Lumber Camp |
| 6:06 | Create | Villager (Male) |
| 6:18 | Build | House |
| 6:44 | Create | Villager (Male) |
| 6:56 | Build | House |
| 7:41 | Create | Villager (Male) |
| 9:11 | Create | Villager (Male) |
| 9:12 | Create | Villager (Male) |
| 9:47 | Build | Mill |
| 9:59 | Create | Villager (Male) |
| 9:59 | Create | Villager (Male) |
| 11:59 | Research | Feudal Age |
| 12:13 | Build | House |
| 13:02 | Build | Palisade Wall |
| 14:09 | Age | Feudal Age |
| 14:14 | Research | Double-Bit Axe |
| 14:52 | Build | Stone Wall |
| 15:04 | Build | Farm |
| 15:10 | Build | Farm |
| 15:13 | Research | Wheelbarrow |
| 15:19 | Build | Farm |
| 15:25 | Build | Farm |
| 15:31 | Build | Farm |
| 15:35 | Research | Horse Collar |
| 15:40 | Build | Farm |
| 15:51 | Build | Farm |
| 16:00 | Build | Farm |
| 16:18 | Create | Villager (Male) |
| 16:46 | Create | Villager (Male) |
| 16:55 | Build | Farm |
| 17:00 | Build | Farm |
| 17:13 | Build | Gate |
| 17:19 | Create | Villager (Male) |
| 17:34 | Create | Villager (Male) |
| 17:34 | Create | Villager (Male) |
| 17:55 | Build | Mining Camp |
| 18:33 | Build | House |
| 18:40 | Build | Market |
| 18:45 | Create | Villager (Male) |
| 18:46 | Create | Villager (Male) |
| 18:50 | Research | Gold Mining |
| 19:13 | Build | House |
| 19:23 | Create | Villager (Male) |
| 19:23 | Create | Villager (Male) |
| 19:44 | Build | Barracks |
| 19:50 | Build | Blacksmith |
| 20:00 | Build | House |
| 21:03 | Build | Stable |
| 21:11 | Build | House |
| 21:40 | Research | Man-at-Arms (upgrade) |
| 22:01 | Research | Castle Age |
| 22:09 | Build | Mining Camp |
| 23:02 | Research | Stone Mining |
| 23:34 | Build | Archery Range |
| 23:59 | Create | Militia |
| 23:59 | Create | Militia |
| 23:59 | Create | Militia |
| 24:00 | Create | Militia |
| 24:00 | Create | Militia |
| 24:40 | Age | Castle Age |
| 24:46 | Create | Knight |
| 24:46 | Create | Knight |
| 24:46 | Create | Knight |
| 24:56 | Build | Watch Tower |
| 25:06 | Create | Skirmisher |
| 25:06 | Create | Skirmisher |
| 25:06 | Create | Skirmisher |
| 25:06 | Create | Skirmisher |
| 25:07 | Create | Skirmisher |
| 25:07 | Create | Skirmisher |
| 26:05 | Research | Bloodlines |
| 26:21 | Create | Archer |
| 26:41 | Create | Villager (Male) |
| 26:41 | Create | Villager (Male) |
| 26:42 | Create | Villager (Male) |
| 27:00 | Build | Watch Tower |
| 27:16 | Create | Archer |
| 27:16 | Create | Archer |
| 27:16 | Create | Archer |
| 27:46 | Research | Stone Shaft Mining |
| 28:34 | Build | Farm |
| 28:39 | Create | Villager (Male) |
| 28:39 | Create | Villager (Male) |
| 28:40 | Create | Villager (Male) |
| 28:40 | Create | Villager (Male) |
| 29:07 | Research | Long Swordsman (upgrade) |
| 29:13 | Build | House |
| 29:58 | Build | House |
| 30:05 | Build | Mining Camp |
| 30:19 | Research | Bow Saw |
| 30:33 | Build | House |
| 31:02 | Create | Knight |
| 31:02 | Create | Knight |
| 31:02 | Create | Knight |
| 31:47 | Build | Castle |
| 32:05 | Create | Knight |
| 32:07 | Research | Crossbowman (upgrade) |
| 32:08 | Create | Archer |
| 32:08 | Create | Archer |
| 32:08 | Create | Archer |
| 32:09 | Create | Archer |
| 32:09 | Create | Archer |
| 32:34 | Research | Pikeman (upgrade) |
| 32:35 | Create | Spearman |
| 33:46 | Research | Elite Skirmisher (upgrade) |
| 33:47 | Create | Skirmisher |
| 33:48 | Create | Skirmisher |
| 33:48 | Create | Skirmisher |
| 33:48 | Create | Skirmisher |
| 34:23 | Create | Villager (Male) |
| 34:23 | Create | Villager (Male) |
| 34:24 | Create | Villager (Male) |
| 35:35 | Build | Mill |
| 36:23 | Build | Castle |
| 36:34 | Create | Skirmisher |
| 36:35 | Create | Skirmisher |
| 36:35 | Create | Skirmisher |
| 36:35 | Create | Skirmisher |
| 36:35 | Create | Skirmisher |
| 36:36 | Create | Skirmisher |
| 36:52 | Create | Knight |
| 36:52 | Create | Knight |
| 36:53 | Create | Knight |
| 36:53 | Create | Knight |
| 36:53 | Create | Knight |
| 36:53 | Create | Knight |
| 36:54 | Create | Knight |
| 37:17 | Research | Heavy Plow |
| 37:52 | Create | Villager (Male) |
| 37:52 | Create | Villager (Male) |
| 37:53 | Create | Villager (Male) |
| 39:00 | Create | Archer |
| 39:00 | Create | Archer |
| 39:00 | Create | Archer |
| 39:01 | Create | Archer |
| 39:01 | Create | Archer |
| 39:11 | Build | Town Center |
| 39:41 | Create | Knight |
| 40:00 | Build | House |
| 41:11 | Research | Hand Cart |
| 41:13 | Create | Villager (Male) |
Build order — victordelarosac
First 150 of 683 actions detected
| 0:11 | Build | House |
| 2:15 | Build | Town Center |
| 4:32 | Create | Villager (Male) ×4 |
| 5:29 | Create | Villager (Male) |
| 5:29 | Create | Villager (Male) |
| 6:15 | Build | House |
| 6:16 | Build | House |
| 6:56 | Build | House |
| 7:10 | Build | Lumber Camp |
| 7:16 | Create | Villager (Male) |
| 7:16 | Create | Villager (Male) |
| 7:16 | Create | Villager (Male) |
| 7:16 | Create | Villager (Male) |
| 7:51 | Create | Villager (Male) |
| 7:51 | Create | Villager (Male) |
| 7:52 | Create | Villager (Male) |
| 7:52 | Create | Villager (Male) |
| 9:10 | Create | Villager (Male) |
| 9:10 | Create | Villager (Male) |
| 9:23 | Create | Villager (Male) |
| 9:24 | Create | Villager (Male) |
| 9:24 | Create | Villager (Male) |
| 9:56 | Create | Villager (Male) |
| 9:56 | Create | Villager (Male) |
| 10:17 | Create | Villager (Male) |
| 10:17 | Create | Villager (Male) |
| 10:17 | Create | Villager (Male) |
| 10:52 | Create | Villager (Male) |
| 10:52 | Create | Villager (Male) |
| 10:53 | Create | Villager (Male) |
| 10:53 | Create | Villager (Male) |
| 11:16 | Build | House |
| 11:17 | Build | House |
| 11:20 | Build | House |
| 11:23 | Build | House |
| 11:25 | Build | House |
| 11:40 | Build | Mill |
| 12:27 | Build | Farm |
| 12:27 | Build | Farm |
| 12:28 | Build | Farm |
| 12:28 | Build | Farm |
| 12:29 | Build | Farm |
| 12:39 | Create | Villager (Male) |
| 12:40 | Create | Villager (Male) |
| 12:40 | Create | Villager (Male) |
| 12:41 | Create | Villager (Male) |
| 12:55 | Build | Farm |
| 13:34 | Create | Villager (Male) |
| 13:59 | Build | Farm |
| 14:02 | Build | Farm |
| 14:08 | Create | Villager (Male) |
| 14:13 | Build | Farm |
| 16:37 | Research | Feudal Age |
| 17:04 | Build | House |
| 17:09 | Build | House |
| 17:19 | Build | Barracks |
| 18:21 | Build | House |
| 18:47 | Age | Feudal Age |
| 19:06 | Create | Villager (Male) ×5 |
| 19:13 | Research | Double-Bit Axe |
| 19:50 | Build | Market |
| 20:14 | Build | Mining Camp |
| 20:20 | Create | Villager (Male) ×5 |
| 20:41 | Build | Blacksmith |
| 21:57 | Build | Stable |
| 22:09 | Build | Stable |
| 22:50 | Create | Scout Cavalry |
| 22:53 | Create | Scout Cavalry |
| 23:08 | Build | Farm |
| 23:08 | Build | Farm |
| 23:09 | Build | Farm |
| 24:02 | Create | Trade Cart |
| 24:02 | Create | Trade Cart |
| 24:03 | Create | Trade Cart |
| 24:14 | Research | Castle Age |
| 24:43 | Research | Horse Collar |
| 24:53 | Research | Gold Mining |
| 25:04 | Create | Trade Cart |
| 25:04 | Create | Trade Cart |
| 25:04 | Create | Trade Cart |
| 25:26 | Research | Forging |
| 26:53 | Build | Farm |
| 26:54 | Age | Castle Age |
| 26:54 | Build | Farm |
| 27:08 | Build | Town Center |
| 27:13 | Create | Villager (Male) ×5 |
| 27:13 | Create | Villager (Male) ×5 |
| 27:14 | Create | Villager (Male) ×3 |
| 27:14 | Create | Villager (Male) ×3 |
| 27:24 | Build | Monastery |
| 27:40 | Research | Light Cavalry (upgrade) |
| 28:24 | Create | Monk |
| 28:25 | Create | Monk |
| 28:36 | Create | Villager (Male) |
| 28:36 | Create | Villager (Male) |
| 28:36 | Create | Villager (Male) |
| 28:37 | Create | Villager (Male) |
| 28:37 | Create | Villager (Male) |
| 28:37 | Create | Villager (Male) |
| 28:48 | Build | Farm |
| 28:48 | Build | Farm |
| 28:48 | Build | Farm |
| 28:48 | Build | Farm |
| 28:49 | Build | Farm |
| 28:49 | Build | Farm |
| 28:49 | Build | Farm |
| 28:50 | Build | Farm |
| 28:50 | Build | Farm |
| 28:50 | Build | Farm |
| 29:14 | Create | Villager (Male) |
| 29:14 | Create | Villager (Male) |
| 29:14 | Create | Villager (Male) |
| 30:11 | Research | Husbandry |
| 30:13 | Create | Scout Cavalry |
| 30:31 | Create | Trade Cart |
| 30:31 | Create | Trade Cart |
| 30:32 | Create | Trade Cart |
| 30:32 | Create | Trade Cart |
| 30:32 | Create | Trade Cart |
| 30:42 | Research | Loom |
| 30:45 | Create | Villager (Male) |
| 30:45 | Create | Villager (Male) |
| 30:46 | Create | Villager (Male) |
| 30:54 | Create | Villager (Male) |
| 30:55 | Create | Villager (Male) |
| 30:55 | Create | Villager (Male) |
| 30:55 | Create | Villager (Male) |
| 30:56 | Create | Villager (Male) |
| 30:56 | Create | Villager (Male) |
| 31:21 | Research | Pikeman (upgrade) |
| 31:52 | Build | Castle |
| 32:08 | Build | Farm |
| 32:10 | Build | Farm |
| 32:10 | Build | Farm |
| 32:10 | Build | Farm |
| 32:11 | Build | Farm |
| 32:14 | Build | Farm |
| 32:19 | Build | Farm |
| 32:33 | Build | House |
| 32:34 | Build | House |
| 32:34 | Build | House |
| 32:37 | Build | House |
| 32:37 | Build | House |
| 32:39 | Build | House |
| 32:39 | Build | House |
| 32:43 | Build | House |
| 32:43 | Build | House |
| 32:43 | Build | House |
| 32:44 | Build | House |
| 32:44 | Build | House |
Build order — 肥豬肉
First 150 of 631 actions detected
| 0:13 | Build | Town Center |
| 2:28 | Build | House |
| 2:29 | Build | House |
| 2:30 | Build | House |
| 2:31 | Build | House |
| 2:32 | Build | House |
| 2:50 | Create | Villager (Male) ×4 |
| 2:50 | Create | Villager (Male) ×4 |
| 4:27 | Create | Villager (Male) |
| 4:27 | Create | Villager (Male) |
| 4:49 | Create | Villager (Male) |
| 4:49 | Create | Villager (Male) |
| 5:02 | Research | Loom |
| 5:11 | Create | Villager (Male) |
| 5:11 | Create | Villager (Male) |
| 5:11 | Create | Villager (Male) |
| 6:06 | Create | Villager (Male) |
| 6:07 | Create | Villager (Male) |
| 6:07 | Create | Villager (Male) |
| 6:07 | Create | Villager (Male) |
| 6:07 | Create | Villager (Male) |
| 6:28 | Create | Villager (Male) |
| 6:28 | Create | Villager (Male) |
| 7:17 | Create | Villager (Male) |
| 7:18 | Create | Villager (Male) |
| 7:18 | Create | Villager (Male) |
| 8:06 | Create | Villager (Male) |
| 8:06 | Create | Villager (Male) |
| 8:07 | Create | Villager (Male) |
| 8:07 | Create | Villager (Male) |
| 8:23 | Create | Villager (Male) |
| 8:23 | Create | Villager (Male) |
| 8:39 | Build | Lumber Camp |
| 9:45 | Build | Mill |
| 9:54 | Create | Villager (Male) |
| 9:54 | Create | Villager (Male) |
| 9:55 | Create | Villager (Male) |
| 9:55 | Create | Villager (Male) |
| 9:55 | Create | Villager (Male) |
| 9:55 | Create | Villager (Male) |
| 10:06 | Build | Mill |
| 11:23 | Create | Villager (Male) |
| 11:24 | Create | Villager (Male) |
| 11:24 | Create | Villager (Male) |
| 12:35 | Build | Mining Camp |
| 13:29 | Create | Villager (Male) |
| 13:30 | Research | Feudal Age |
| 13:56 | Build | Mill |
| 14:13 | Build | House |
| 14:15 | Build | House |
| 14:16 | Build | House |
| 14:17 | Build | House |
| 14:19 | Build | House |
| 14:20 | Build | House |
| 14:22 | Build | House |
| 14:23 | Build | House |
| 14:37 | Create | Villager (Male) |
| 14:37 | Create | Villager (Male) |
| 14:37 | Create | Villager (Male) |
| 14:37 | Create | Villager (Male) |
| 16:15 | Age | Feudal Age |
| 16:19 | Build | Market |
| 16:24 | Build | Blacksmith |
| 16:57 | Build | Barracks |
| 17:06 | Research | Double-Bit Axe |
| 17:42 | Research | Gold Mining |
| 17:45 | Research | Castle Age |
| 18:29 | Build | Stable |
| 18:37 | Research | Scale Mail Armor |
| 18:37 | Research | Forging |
| 19:25 | Build | House |
| 19:26 | Build | House |
| 19:27 | Build | House |
| 19:28 | Build | House |
| 19:29 | Build | House |
| 19:32 | Build | House |
| 19:38 | Create | Scout Cavalry |
| 19:46 | Build | House |
| 20:07 | Build | Barracks |
| 20:09 | Build | Barracks |
| 20:35 | Age | Castle Age |
| 20:53 | Research | Squires |
| 20:54 | Research | Arson |
| 20:55 | Research | Gambesons |
| 21:03 | Create | Villager (Male) |
| 21:03 | Create | Villager (Male) |
| 21:03 | Create | Villager (Male) |
| 21:03 | Create | Villager (Male) |
| 21:13 | Create | Fire Lancer ×5 |
| 21:13 | Create | Fire Lancer ×5 |
| 21:13 | Create | Fire Lancer ×5 |
| 21:30 | Research | Town Watch |
| 21:31 | Research | Wheelbarrow |
| 22:10 | Build | Town Center |
| 22:21 | Create | Fire Lancer |
| 22:22 | Create | Fire Lancer |
| 22:22 | Create | Fire Lancer |
| 22:29 | Create | Villager (Male) |
| 22:30 | Create | Villager (Male) |
| 22:32 | Create | Fire Lancer ×2 |
| 22:32 | Create | Fire Lancer ×2 |
| 22:33 | Create | Fire Lancer ×2 |
| 23:03 | Research | Chain Mail Armor |
| 23:30 | Create | Villager (Male) |
| 24:07 | Create | Fire Lancer ×5 |
| 24:08 | Create | Fire Lancer ×5 |
| 24:08 | Create | Fire Lancer ×5 |
| 24:08 | Create | Fire Lancer ×4 |
| 24:19 | Create | Villager (Male) |
| 24:19 | Create | Villager (Male) |
| 24:19 | Create | Villager (Male) |
| 24:44 | Create | Fire Lancer ×2 |
| 24:44 | Create | Fire Lancer ×2 |
| 24:44 | Create | Fire Lancer ×2 |
| 24:56 | Build | House |
| 25:13 | Build | Barracks |
| 25:16 | Create | Fire Lancer ×2 |
| 25:16 | Create | Fire Lancer ×2 |
| 25:20 | Create | Villager (Male) |
| 25:20 | Create | Villager (Male) |
| 25:20 | Create | Villager (Male) |
| 25:42 | Build | Farm |
| 25:43 | Build | Farm |
| 25:44 | Build | Farm |
| 25:45 | Build | Farm |
| 25:50 | Build | Farm |
| 26:08 | Create | Fire Lancer ×4 |
| 26:08 | Create | Fire Lancer ×4 |
| 26:08 | Create | Fire Lancer ×4 |
| 26:08 | Create | Fire Lancer ×4 |
| 26:14 | Create | Villager (Male) |
| 26:14 | Create | Villager (Male) |
| 26:30 | Create | Villager (Male) |
| 26:33 | Create | Villager (Male) |
| 26:55 | Create | Fire Lancer ×2 |
| 26:55 | Create | Fire Lancer ×2 |
| 26:55 | Create | Fire Lancer ×2 |
| 26:55 | Create | Fire Lancer ×2 |
| 27:04 | Create | Villager (Male) |
| 27:05 | Create | Villager (Male) |
| 27:05 | Create | Villager (Male) |
| 27:12 | Create | Villager (Male) |
| 27:12 | Create | Villager (Male) |
| 27:13 | Create | Villager (Male) |
| 27:18 | Build | Town Center |
| 27:51 | Research | Iron Casting |
| 27:55 | Create | Villager (Male) |
| 27:56 | Create | Villager (Male) |
| 28:19 | Create | Fire Lancer ×2 |
| 28:20 | Create | Fire Lancer ×2 |
Build order — Riesamo223
85 actions detected in the replay
| 2:37 | Build | Town Center |
| 3:16 | Build | House |
| 3:56 | Build | House |
| 4:06 | Build | House |
| 4:09 | Build | House |
| 4:10 | Build | House |
| 4:13 | Build | House |
| 4:15 | Build | House |
| 4:40 | Build | House |
| 5:08 | Create | Villager (Male) |
| 5:09 | Create | Villager (Male) |
| 5:09 | Create | Villager (Male) |
| 5:09 | Create | Villager (Male) |
| 5:10 | Create | Villager (Male) |
| 5:10 | Create | Villager (Male) |
| 5:12 | Research | Loom |
| 7:56 | Build | House |
| 8:00 | Build | House |
| 8:05 | Build | House |
| 8:13 | Build | House |
| 8:57 | Create | Villager (Male) |
| 8:57 | Create | Villager (Male) |
| 8:57 | Create | Villager (Male) |
| 11:36 | Create | Villager (Male) |
| 11:36 | Create | Villager (Male) |
| 11:36 | Create | Villager (Male) |
| 11:47 | Build | House |
| 11:53 | Build | House |
| 11:59 | Build | House |
| 12:52 | Create | Villager (Male) |
| 12:52 | Create | Villager (Male) |
| 12:53 | Create | Villager (Male) |
| 13:07 | Create | Villager (Male) |
| 13:08 | Create | Villager (Male) |
| 13:08 | Create | Villager (Male) |
| 14:28 | Create | Villager (Male) |
| 14:28 | Create | Villager (Male) |
| 14:28 | Create | Villager (Male) |
| 14:28 | Create | Villager (Male) |
| 16:30 | Create | Villager (Male) |
| 16:32 | Create | Villager (Male) |
| 16:33 | Create | Villager (Male) |
| 16:33 | Create | Villager (Male) |
| 17:03 | Build | House |
| 17:07 | Build | House |
| 17:13 | Build | House |
| 17:17 | Build | House |
| 17:20 | Build | House |
| 17:23 | Build | House |
| 17:27 | Build | House |
| 17:30 | Build | House |
| 19:10 | Build | Barracks |
| 22:30 | Build | Lumber Camp |
| 22:53 | Build | Mill |
| 23:50 | Research | Feudal Age |
| 24:13 | Build | Farm |
| 24:22 | Build | Farm |
| 26:06 | Build | Market |
| 26:24 | Create | Villager (Male) |
| 26:25 | Create | Villager (Male) |
| 26:25 | Create | Villager (Male) |
| 27:40 | Create | Villager (Male) |
| 27:40 | Create | Villager (Male) |
| 27:40 | Create | Villager (Male) |
| 27:41 | Create | Villager (Male) |
| 27:41 | Create | Villager (Male) |
| 27:41 | Create | Villager (Male) |
| 27:41 | Create | Villager (Male) |
| 27:41 | Create | Villager (Male) |
| 27:42 | Create | Villager (Male) |
| 27:42 | Create | Villager (Male) |
| 27:42 | Create | Villager (Male) |
| 27:42 | Create | Villager (Male) |
| 27:43 | Create | Villager (Male) |
| 27:43 | Create | Villager (Male) |
| 29:42 | Create | Villager (Male) |
| 29:42 | Create | Villager (Male) |
| 29:42 | Create | Villager (Male) |
| 29:52 | Build | Farm |
| 30:02 | Build | Farm |
| 30:08 | Research | Town Watch |
| 30:33 | Build | Archery Range |
| 30:43 | Build | Farm |
| 31:54 | Research | Double-Bit Axe |
| 32:38 | Build | Archery Range |
Match timeline
| 2:56 | Lindelot · wall_segment Palisade Wall x1 |
| 3:03 | Lindelot · wall_segment Palisade Wall x1 |
| 3:05 | Lindelot · wall_segment Palisade Wall x1 |
| 3:06 | Lindelot · wall_segment Palisade Wall x1 |
| 13:02 | luchador_max · wall_segment Palisade Wall x21 |
| 14:09 | luchador_max · age_up feudal |
| 14:41 | Lindelot · age_up feudal |
| 14:44 | PreensBertus · age_up feudal |
| 14:44 | PreensBertus · first_building Barracks |
| 14:52 | luchador_max · wall_segment Stone Wall x7 |
| 15:21 | Petr_CZツ · age_up feudal |
| 15:47 | Rem_sjik · age_up feudal |
| 16:15 | 肥豬肉 · age_up feudal |
| 16:57 | 肥豬肉 · first_building Barracks |
| 17:19 | victordelarosac · first_building Barracks |
| 17:59 | Lindelot · first_market_buy 100 food |
| 18:29 | 肥豬肉 · first_building Stable |
| 18:47 | victordelarosac · age_up feudal |
| 19:10 | Riesamo223 · first_building Barracks |
| 19:34 | PreensBertus · first_building Stable |
| 19:41 | Petr_CZツ · age_up castle |
| 19:44 | luchador_max · first_building Barracks |
| 19:54 | PreensBertus · age_up castle |
| 20:01 | Rem_sjik · age_up castle |
| 20:35 | 肥豬肉 · age_up castle |
| 21:03 | luchador_max · first_building Stable |
| 21:29 | PreensBertus · first_building Monastery |
| 21:51 | Lindelot · age_up castle |
| 21:57 | victordelarosac · first_building Stable |
| 22:11 | Lindelot · first_building Castle |
| 22:15 | Rem_sjik · wall_segment Palisade Wall x6 |
| 22:24 | Petr_CZツ · first_market_buy 100 food |
| 22:26 | Rem_sjik · first_building Monastery |
| 23:04 | Lindelot · first_building Barracks |
| 23:34 | luchador_max · first_building Archery Range |
| 23:42 | Petr_CZツ · first_building Castle |
| 24:01 | Rem_sjik · wall_segment Palisade Wall x1 |
| 24:40 | luchador_max · age_up castle |
| 24:44 | Lindelot · wall_segment Stone Wall x19 |
| 26:04 | PreensBertus · first_market_buy 100 stone |
| 26:18 | Rem_sjik · first_building Barracks |
| 26:18 | PreensBertus · first_building Castle |
| 26:28 | Lindelot · first_building Archery Range |
| 26:35 | PreensBertus · wall_segment Stone Wall x2 |
| 26:38 | Lindelot · first_building Stable |
| 26:54 | victordelarosac · age_up castle |
| 27:24 | victordelarosac · first_building Monastery |
| 27:32 | Riesamo223 · first_market_buy 100 food |
| 27:35 | victordelarosac · first_market_buy 100 food |
| 27:48 | Rem_sjik · first_building Archery Range |
| 27:51 | Rem_sjik · first_building Stable |
| 28:43 | PreensBertus · first_building Siege Workshop |
| 28:56 | 肥豬肉 · first_market_sell 100 wood |
| 29:21 | Lindelot · wall_segment Stone Wall x15 |
| 29:26 | Lindelot · wall_segment Stone Wall x13 |
| 29:53 | Rem_sjik · first_building Castle |
| 30:33 | Riesamo223 · first_building Archery Range |
| 31:09 | PreensBertus · first_building Archery Range |
| 31:47 | luchador_max · first_building Castle |
| 31:52 | victordelarosac · first_building Castle |
| 31:57 | Lindelot · first_market_sell 100 wood |
| 32:36 | Petr_CZツ · first_building Siege Workshop |
| 34:37 | Lindelot · resign |
| 35:17 | Petr_CZツ · first_building Monastery |
| 35:21 | 肥豬肉 · first_building Castle |
| 35:50 | PreensBertus · first_market_sell 100 food |
| 37:21 | 肥豬肉 · first_market_buy 100 food |
| 37:45 | PreensBertus · age_up imperial |
| 38:45 | Petr_CZツ · first_building Barracks |
| 39:28 | Petr_CZツ · first_building Stable |
| 40:24 | Petr_CZツ · age_up imperial |
| 40:30 | victordelarosac · first_building Archery Range |
| 40:37 | 肥豬肉 · age_up imperial |
| 40:53 | Rem_sjik · age_up imperial |
| 41:35 | victordelarosac · age_up imperial |
| 42:12 | luchador_max · first_building Monastery |
| 42:17 | victordelarosac · wall_segment Stone Wall x6 |
| 43:29 | victordelarosac · first_building Siege Workshop |
| 44:26 | victordelarosac · wall_segment Stone Wall x13 |
| 46:36 | victordelarosac · wall_segment Stone Wall x25 |
| 47:13 | 肥豬肉 · first_building Siege Workshop |
| 47:39 | victordelarosac · wall_segment Stone Wall x11 |
| 49:41 | Rem_sjik · first_building Siege Workshop |
| 51:20 | Petr_CZツ · first_building Archery Range |
| 52:10 | luchador_max · age_up imperial |
| 54:24 | victordelarosac · wall_segment Stone Wall x19 |
| 55:22 | Rem_sjik · tribute_sent a jugador 1 |
| 55:22 | Rem_sjik · tribute_sent a jugador 3 |
| 55:22 | Rem_sjik · tribute_sent a jugador 4 |
| 55:22 | Rem_sjik · tribute_sent a jugador 5 |
| 55:22 | Rem_sjik · tribute_sent a jugador 6 |
| 55:22 | Rem_sjik · tribute_sent a jugador 7 |
| 55:22 | Rem_sjik · tribute_sent a jugador 8 |
| 56:16 | Rem_sjik · first_market_buy 100 stone |
| 59:30 | PreensBertus · tribute_sent a jugador 2 |
| 59:30 | PreensBertus · tribute_sent a jugador 3 |
| 59:30 | PreensBertus · tribute_sent a jugador 4 |
| 59:30 | PreensBertus · tribute_sent a jugador 5 |
| 59:30 | PreensBertus · tribute_sent a jugador 6 |
| 59:30 | PreensBertus · tribute_sent a jugador 7 |
| 59:30 | PreensBertus · tribute_sent a jugador 8 |
| 64:47 | victordelarosac · wall_segment Stone Wall x7 |
| 66:02 | Rem_sjik · wall_segment Palisade Wall x1 |
| 66:18 | Rem_sjik · wall_segment Palisade Wall x1 |
| 66:19 | Rem_sjik · wall_segment Palisade Wall x1 |
| 69:59 | PreensBertus · tribute_sent a jugador 2 |
| 69:59 | PreensBertus · tribute_sent a jugador 3 |
| 69:59 | PreensBertus · tribute_sent a jugador 4 |
| 69:59 | PreensBertus · tribute_sent a jugador 5 |
| 69:59 | PreensBertus · tribute_sent a jugador 6 |
| 69:59 | PreensBertus · tribute_sent a jugador 7 |
| 69:59 | PreensBertus · tribute_sent a jugador 8 |
| 75:18 | victordelarosac · wall_segment Stone Wall x15 |
| 75:24 | victordelarosac · wall_segment Stone Wall x2 |
| 79:44 | victordelarosac · wall_segment Stone Wall x20 |
| 79:55 | victordelarosac · wall_segment Stone Wall x8 |
| 84:37 | 肥豬肉 · wall_segment Stone Wall x15 |
[ AI ANALYSIS · 1 CREDIT ]
What really happened in this match?
Wolo.gg analyzes every decision: build order, eco, micro, common mistakes by bracket. Personalized analysis on WhatsApp or Discord in 30 seconds.
Civ guide
Huns
Perfil
Jugador #495359